 Dungeon Crawl Stone Soup version bcrawl-1.27.6 (webtiles) character file.

Game seed: 7910363806000521726

140510 Kalegnar the Distorting Demonspawn (level 5, -12/42 HPs)
             Began as a Demonspawn Abyssal Knight on Sept 27, 2020.
             Was a Believer of Lugonu.
             Mangled by an ogre
             ... wielding a +0 giant club
              (24 damage)
             ... on level 3 of the Dungeon.
             The game lasted 00:09:01 (2574 turns).

Kalegnar the Distorting Demonspawn (DsAK)           Turns: 2574, Time: 00:09:01

Health: -12/42     AC:  5    Str: 13    XL:     5   Next: 15%
Magic:  0/7        EV: 12    Int: 14    God:    Lugonu [**....]
Gold:   172        SH:  0    Dex: 12    Spells: 4/4 levels left

rFire    . . .     SeeInvis .   a - +1 mace
rCold    . . .     Gourm    .   (no shield)
rNeg     . . .     Faith    .   b - +0 leather armour
rPois    .         Spirit   +   (helmet restricted)
rElec    .         Reflect  .   (no cloak)
rCorr    .         Harm     .   (no gloves)
MR       .....                  (no boots)
Stlth    +.........             f - amulet of guardian spirit
HPRegen  0.14/turn              q - +1 ring of slaying
MPRegen  0.10/turn              (no ring)

@: no status effects
A: antennae 1, slimy green scales 1
a: Depart the Abyss, Bend Space, Banish, Renounce Religion


You were on level 3 of the Dungeon.
You worshipped Lugonu.
Lugonu was pleased with you.
You were hungry.

You visited 1 branch of the dungeon, and saw 3 of its levels.
You visited the Abyss 1 time.

You collected 172 gold pieces.

Inventory:

Hand Weapons
 a - a +1 mace (weapon)
Missiles
 c - 9 tomahawks of dispersal {=f}
 d - 308 stones (quivered)
 l - 127 poisoned needles
Armour
 b - a +0 leather armour (worn)
Jewellery
 f - an amulet of guardian spirit (around neck)
 p - the ring "Iseal" {Fire +Fly Int+2 Dex-4}
   (You found it on level 3 of the Dungeon)

   [ring of fire]

   It enhances your fire magic.
   It affects your intelligence (+2).
   It affects your dexterity (-4).
   It protects you from fire.
   It makes you vulnerable to cold.
   It lets you fly.
 q - a +1 ring of slaying (left hand)
Wands
 r - a wand of polymorph (16)
Scrolls
 k - 3 scrolls of remove curse {unknown}
 m - a scroll of fog {unknown}
 o - a scroll of teleportation {unknown}
 t - a scroll of immolation {unknown}
 u - 2 scrolls of enchant weapon {unknown}
 v - a scroll of identify
Potions
 g - a potion of degeneration {unknown}
 h - a potion of berserk rage {unknown}
 i - a potion of curing {unknown}
 j - a potion of might {unknown}
 n - a potion of resistance {unknown}
 s - a potion of mutation {unknown}
Comestibles
 e - 5 rations {!d}
 w - a chunk of flesh


   Skills:
 + Level 3.7 Fighting
 + Level 2.6 Maces & Flails
 + Level 2.1 Throwing
 - Level 2.0 Armour
 - Level 2.0 Dodging
 + Level 3.9 Invocations


You had 4 spell levels left.
You didn't know any spells.
Your spell library was empty.

Dungeon Overview and Level Annotations

Branches:
Dungeon (3/12)

Altars:
Hepliaklqana
Nemelex Xobeh
Trog


Innate Abilities, Weirdness & Mutations

You have a pair of small antennae on your head.
You are partially covered in slimy green scales. (AC +2)


Message History

The ogre is severely wounded.
The ogre closely misses you.
You hit the ogre.
The ogre is severely wounded.
The ogre closely misses you.
You barely miss the ogre.
The ogre is severely wounded.
The ogre barely misses you.
You hit the ogre but do no damage.
The ogre is severely wounded.
The ogre closely misses you.
You barely miss the ogre.
The ogre is severely wounded.
The ogre hits you with a +0 giant club!!
* * * LOW HITPOINT WARNING * * *
You hit the ogre.
The ogre is almost dead.
The ogre hits you with a +0 giant club!!
Ouch! That really hurt!
You die...

...# #....# #.#.## #.#.
...# ###### #....# #.#.
...# ##....# #.#. ...#
#.....####.#. ...#
#............ ...#
#......#####. ...# #.
######..####. ####
##...########.......).#.
######
#......@O.$...........#.
###....#
#.....................#.
..'....#
#.....................#.
.##....#
#..!..................#.
.##....#
#####.........#####..##.
.##....# #.........#
##.##. .##....#
#.........# ##..#.
.##....#### #.........#
#..... .#####....#
###.#.


You could see an ogre.

Vanquished Creatures
  A howler monkey (D:2)
  A bullfrog skeleton (D:3)
  2 adders (D:3)
  2 dart slugs (D:1)
  5 leopard geckos
  An orc (D:2)
  3 giant cockroaches
  10 goblins
  7 hobgoblins
  A jackal (D:1)
  4 quokkas
  A ball python (D:2)
  6 bats
  5 frilled lizards
  3 kobolds
  2 rats (D:1)
54 creatures vanquished.

Notes
Turn   | Place    | Note
-------+----------+-------------------------------------------
     0 | Abyss:1  | Kalegnar the Demonspawn Abyssal Knight began the quest for
                  | the Orb.
     0 | Abyss:1  | Reached XP level 1. HP: 18/18 MP: 2/2
    46 | Abyss:1  | Noticed a thrashing horror
    48 | D:1      | Escaped the Abyss
   167 | D:1      | Reached * piety under Lugonu
   169 | D:1      | Reached skill level 1 in Dodging
   196 | D:1      | Reached skill level 1 in Throwing
   274 | D:1      | Gained mutation: You have a pair of small antennae on your
                  | head. [demonic ancestry]
   274 | D:1      | Reached XP level 2. HP: 21/24 MP: 4/4
   750 | D:1      | Gained mutation: You are partially covered in slimy green
                  | scales. (AC +2) [demonic ancestry]
   750 | D:1      | Reached XP level 3. HP: 29/29 MP: 5/5
  1012 | D:2      | Found a bloodstained altar of Trog.
  1337 | D:2      | Reached ** piety under Lugonu
  1486 | D:2      | Reached XP level 4. HP: 22/35 MP: 3/6
  1928 | D:3      | Got a crude bronze ring
  1929 | D:3      | Identified the ring "Iseal" {Fire +Fly Int+2 Dex-4} (You
                  | found it on level 3 of the Dungeon)
  2121 | D:3      | Found a hazy altar of Hepliaklqana.
  2205 | D:3      | Found a sparkling altar of Nemelex Xobeh.
  2241 | D:3      | Reached XP level 5. HP: 13/41 MP: 2/7
  2552 | D:3      | Noticed an ogre
  2574 | D:3      | Mangled by an ogre

Skill      XL: |  1  2  3  4 |
---------------+-------------+-----
Dodging        | 1 2 |  2.0
Throwing       | 1 2 |  2.1
Maces & Flails | 2 |  2.6
Armour         | 2 |  2.0
Invocations    | 3 |  3.9
Fighting       | |  3.7

Action                   |  1- 3 |  4- 6 || total
-------------------------+-------+-------++-------
Melee: Mace              |   136 |    36 ||   172
Throw: Stone             |    16 |    23 ||    39
       Tomahawk          |       |     1 ||     1
Invok: Depart the Abyss  |     1 |       ||     1
       Bend Space        |     1 |     2 ||     3
  Eat: Chunk             |     7 |     1 ||     8
       Ration            |       |     1 ||     1
Armor: Leather armour    |    40 |     3 ||    43
Dodge: Dodged            |    75 |    29 ||   104
